 Dungeon Crawl Stone Soup version 0.19.1 (webtiles) character file.

30 M4edhros the Sneak (level 3, -4/23 HPs)
             Began as an Octopode Artificer on Dec 13, 2016.
             Killed by nerve-wracking pain
             ... invoked by Grinder
              (10 damage)
             ... while paralysed by something
             ... on level 4 of the Dungeon.
             The game lasted 00:03:43 (1072 turns).

M4edhros the Sneak (Octopode Artificer)             Turns: 1072, Time: 00:03:44

Health: -4/23      AC:  1    Str: 11    XL:     3   Next: 20%
Magic:  5/5        EV:  2    Int: 13    God:
Gold:   46         SH:  0    Dex: 13    Spells: 0 memorised, 2 levels left

rFire  . . .     SeeInvis .     i - +1 dagger (drain)
rCold  . . .     Gourm    .     (no shield)
rNeg   . . .     Faith    .     (helmet restricted)
rPois  .         Spirit   .     g - +6 amulet of reflection
rElec  .         Reflect  +     (no ring)
rCorr  .         Harm     .     (no ring)
MR     .....                    (no ring)
Stlth  +++.......               (no ring)
                                (no ring)
                                (no ring)
                                (no ring)
                                (no ring)

@: paralysed, drained
A: almost no armour, stealthy swim, amphibious, 8 rings, constrict 8, camouflage
1, gelatinous body 1
a: no special abilities


You were on level 4 of the Dungeon.
You were not hungry.

You visited 1 branch of the dungeon, and saw 4 of its levels.

You collected 46 gold pieces.

Inventory:

Hand Weapons
 a - a +0 short sword
 i - a +1 dagger of draining (weapon)
Missiles
 j - 30 sling bullets
Jewellery
 g - a +6 amulet of reflection (around mantle)
Wands
 b - a wand of flame (8/48)
 c - a wand of enslavement (12/24)
 d - a wand of random effects (14/48)
Scrolls
 e - 2 scrolls of identify {unknown}
 h - a scroll of random uselessness {unknown}
 k - a scroll of remove curse {unknown}
 l - a scroll of teleportation {unknown}
Books
 o - a book of Beasts

   Spells                             Type                      Level
   a - Summon Butterflies             Summoning                    1
   b - Call Canine Familiar           Summoning                    3
   c - Summon Ice Beast               Ice/Summoning                4
   d - Summon Mana Viper              Hexes/Summoning              5
   e - Summon Hydra                   Summoning                    7
Comestibles
 f - 2 bread rations
 n - a meat ration


   Skills:
 - Level 1.0(0.9) Fighting
 - Level 1.0(0.9) Short Blades
 - Level 2.0(1.9) Dodging
 + Level 3.6(3.5) Stealth
 - Level 1.4(1.3) Unarmed Combat
 - Level 3.2 Evocations


You had 2 spell levels left.
You didn't know any spells.

Dungeon Overview and Level Annotations

Branches:
Dungeon (4/15)
 Temple: D:4-7

Altars:
Cheibriados

Annotations:
D:2 Sigmund
D:4 Grinder


Innate Abilities, Weirdness & Mutations

You cannot wear most types of armour.
You are very stealthy in the water. (Stealth+)
You are amphibious.
You can wear up to eight rings at the same time.
You can use your tentacles to constrict eight enemies at once.
Your skin changes colour to match your surroundings (Stealth+).
Your rubbery body absorbs attacks. (AC +1, EV +1)


Message History

You are confused.
You feel invigorated.
You constrict something. Something barely misses you.
You constrict something. Something hits you!
* * * LOW HITPOINT WARNING * * *
You writhe in agony.
* * * LOW HITPOINT WARNING * * *
You release your grip on something.
There is a stone staircase leading down here.
Something hits you!
You feel less invigorated.
You feel less confused. Pain shoots through your body!
* * * LOW HITPOINT WARNING * * *
Evoke which item? (* to show all) (? for menu, Esc to quit)
Zapping:
c - a wand of enslavement (13/24)
Press: ? - help, Shift-Dir - straight line, f - you Nothing appears to happen.
This wand has 12 charges left.
You suddenly lose the ability to move!
Pain shoots through your body!
You die...

..#.# #.#.######
#.#....... ####
#.#..... .....
###.#...
.###..##...#.#
.............########
###.###.###..<.......
.. #.@...#.#.#######
#.#.....#.....#
#...{......##.#
#(#.>...#.......
#.#.....#........ #
###.###..##.##. ....
...# # .. ..#..#
[......#


There were no monsters in sight!

Vanquished Creatures
  A river rat (D:3)
  An adder skeleton (D:4)
  An orc (D:3)
  A ball python (D:1)
  A bat (D:3)
  A giant cockroach (D:1)
  A goblin (D:2)
  3 hobgoblins
  A frilled lizard (D:1)
  A kobold (D:1)
  A quokka skeleton (D:4)
  A rat (D:1)
14 creatures vanquished.

Vanquished Creatures (collateral kills)
  An orc (D:3)
  A hobgoblin (D:3)
  A frilled lizard (D:3)
3 creatures vanquished.

Grand Total: 17 creatures vanquished

Notes
Turn   | Place    | Note
-------+----------+-------------------------------------------
     0 | D:1      | M4edhros the Octopode Artificer began the quest for the Orb.
     0 | D:1      | Reached XP level 1. HP: 13/13 MP: 3/3
   103 | D:1      | Found a snail-covered altar of Cheibriados.
   377 | D:1      | Reached skill level 1 in Unarmed Combat
   380 | D:1      | Reached XP level 2. HP: 5/18 MP: 4/4
   687 | D:2      | Noticed Sigmund
   846 | D:3      | Reached XP level 3. HP: 11/23 MP: 5/5
  1051 | D:4      | Noticed Grinder
  1071 | D:4      | Paralysed by something for 3 turns
  1072 | D:4      | Killed from afar by Grinder

Skill      XL: |  1  2 |
---------------+-------+-----
Unarmed Combat | 1 |  1.4
Stealth        | 3 |  3.6
Fighting       | |  1.0
Short Blades   | |  1.0
Dodging        | |  2.0
Evocations     | |  3.2

Action                   || total
-------------------------++-------
Melee: Short sword       ||    33
       Constrict         ||     8
       Tentacles         ||     5
       Dagger            ||     8
Evoke: Wand              ||    11
  Use: Potion            ||     4
 Stab: Sleeping          ||     2
Armor: Skin              ||     5
Dodge: Dodged            ||    22
Block: Other             ||     8
